[Event "Reykjavik Open 2024"]
[Site "Reykjavik"]
[Date "2024.03.19"]
[Round "7.31"]
[White "Tania, Sachdev"]
[Black "Fossheim, Yngve"]
[Result "1/2-1/2"]
[ECO "E70"]
[WhiteElo "2393"]
[BlackElo "2090"]
[Annotator "TA"]
[PlyCount "110"]
[EventDate "2024.03.12"]
[EventCountry "ISL"]
[SourceTitle "playchess.com"]
[Source "ChessBase"]
[SourceQuality "1"]
[TimeControl "40/5400+30:1800+30"]

1. d4 Nf6 2. c4 g6 3. Nc3 Bg7 4. e4 d6 5. Bd3 e5 6. d5 a5 7. Nge2 O-O 8. O-O Na6 9. h3 Nh5 10. g4 {[%emt 0:10:43] [#]} Nf4 11. Nxf4 $16 {[%emt 0:00:07] White is better.} exf4 12. Bxf4 f5 13. exf5 gxf5 14. g5 {[%emt 0:01:23] White is more active.} Nc5 15. h4 Ne4 16. Rc1 Nxc3 (16... Bd7 $16 17. Re1 Rf7) 17. bxc3 $18 Bd7 18. Qf3 Qe8 {[%emt 0:07:37] [#]} (18... b6 {keeps fighting.} 19. Rfe1 Kh8) 19. c5 $1 dxc5 20. Bxc7 Qg6 21. Bf4 b5 22. Rfe1 Rfe8 {[%emt 0:03:02] Dodges Re7} 23. h5 Qf7 24. Bd6 (24. c4 $18 b4 25. g6 hxg6 26. Kh1) 24... c4 $16 25. Bf1 (25. Bc2 $16) 25... h6 $2 (25... Rxe1 $1 $14 26. Rxe1 Re8 27. Rxe8+ Qxe8) 26. g6 $18 Qf6 27. Qf4 Rac8 28. Bc7 ({White should try} 28. Bg2 $18) 28... Re4 $16 29. Rxe4 fxe4 {[%emt 0:00:01] [#]} 30. Qxf6 ({White should play} 30. Bg2 $1 $18) 30... Bxf6 31. d6 Re8 32. Bxa5 e3 33. Rc2 (33. fxe3 $16 {Strongly threatening Bg2.} Re5 34. Bg2 Rxh5 35. Rf1) 33... Re5 $1 $11 34. fxe3 {[%emt 0:00:00] And now Bb6 would win.} Rxh5 {[%emt 0:01:00] [#]} 35. a4 $1 bxa4 36. Bxc4+ Kg7 37. Bb4 Kxg6 38. Rg2+ Kf5 (38... Rg5 $11) 39. Bd3+ Ke5 $1 40. c4 {[%emt 0:02:05] aiming for Be2.} Bg5 41. Kf2 Rh3 42. Bc5 $132 {[%emt 0:00:00][%mdl 2048] White is not holding back} Bc6 43. Rg4 {[%emt 0:00:00] [#]} a3 $1 44. d7 $1 ({Of course not} 44. Bxa3 Rf3+ 45. Ke2 Rxe3+ 46. Kd2 Rg3+ 47. Rxg5+ hxg5 $17) 44... Bxd7 45. Re4+ Kf6 {[%emt 0:00:05] Hoping for ...a2.} 46. Kg2 (46. Re7 {seems wilder.} a2 47. Rxd7 a1=Q 48. Bd4+) 46... a2 47. Bd4+ Kf7 48. c5 {[%emt 0:00:00] [#]} Rxe3 $1 49. Bc4+ Kg6 50. Rxe3 Bxe3 {[%emt 0:00:06] KBB-KBB} 51. Bc3 Bxc5 52. Bxa2 Bf5 53. Bd5 Bd6 54. Kh1 Bf4 55. Ba8 Kg5 {[%emt 0:00:45] White really could win this.   Weighted Error Value: White=0.22 (precise) /Black=0.21 (precise) .  Loses game:     	---       	Black=1      Mistake:       	White=5     	Black=4      Inaccurate:     	White=3     	Black=1      OK:         	White=20    	Black=15     Best:        	White=2     	Black=5      Strong:       	White=1     	Black=2} 1/2-1/2

[Event "Reykjavik Open 2024"]
[Site "Reykjavik"]
[Date "2024.03.19"]
[Round "7.32"]
[White "Krassel, Timofei"]
[Black "Lu, Maximillian"]
[Result "0-1"]
[ECO "B51"]
[WhiteElo "2035"]
[BlackElo "2375"]
[Annotator "RC"]
[PlyCount "122"]
[EventDate "2024.03.12"]
[EventCountry "ISL"]
[SourceTitle "playchess.com"]
[Source "ChessBase"]
[SourceQuality "1"]
[TimeControl "40/5400+30:1800+30"]

1. e4 c5 2. Nf3 d6 3. Bb5+ Nd7 4. d4 cxd4 5. Qxd4 Ngf6 6. Nc3 g6 7. Bg5 Bg7 8. Qd2 h6 9. Bxf6 Bxf6 10. e5 dxe5 11. O-O-O a6 12. Bxd7+ Bxd7 13. Qe3 Qa5 14. Rd5 b5 15. Nxe5 Be6 16. Rc5 O-O 17. f4 Rac8 18. a3 Rxc5 19. Qxc5 Rc8 20. Qd4 Rd8 21. Qc5 Rc8 22. Qd4 Qc7 23. Rd1 a5 24. Rd2 b4 25. axb4 axb4 26. Qxb4 Qa7 27. b3 Qe3 28. Nd1 Qa7 29. Nc3 Bxe5 30. fxe5 Qe3 31. Nd1 Qxe5 32. Kb1 Bf5 33. g4 Be4 34. Re2 f5 35. gxf5 gxf5 36. h4 Qc7 37. Ne3 Rb8 38. Qa4 Qc3 39. Kc1 Rc8 40. Qa6 Rc6 41. Qa7 Rc7 42. Qa6 Rc6 43. Qa7 Rg6 44. Nd1 Qe5 45. h5 Rg3 46. Qb6 Kf7 47. c3 Qf6 48. Qc5 Qa6 49. Rxe4 fxe4 50. Qf5+ Qf6 51. Qxe4 Qg5+ 52. Kb1 Rg1 53. Qh7+ Kf6 54. Qh8+ Ke6 55. Qc8+ Kf7 56. Qc4+ Kf8 57. Kc2 Qg2+ 58. Kc1 Qg5+ 59. Kc2 Rg2+ 60. Kb1 Qf5+ 61. Ka1 Qa5+ 0-1

[Event "Reykjavik Open 2024"]
[Site "Reykjavik"]
[Date "2024.03.19"]
[Round "7.33"]
[White "Jacobsen, Mikkel Manosri"]
[Black "Beisteiner, Joachim"]
[Result "1-0"]
[ECO "A14"]
[WhiteElo "2367"]
[BlackElo "2079"]
[Annotator "TA"]
[PlyCount "95"]
[EventDate "2024.03.12"]
[EventCountry "ISL"]
[SourceTitle "playchess.com"]
[Source "ChessBase"]
[SourceQuality "1"]
[TimeControl "40/5400+30:1800+30"]

1. c4 e6 2. g3 d5 3. Bg2 Nf6 4. Nf3 Be7 5. b3 d4 6. O-O O-O 7. e3 c5 8. Ne5 {[%emt 0:00:36] Es drohte Nc6} Nfd7 9. exd4 cxd4 {[%emt 0:02:01] Die Stellung ist ausgeglichen.} 10. Nxd7 Qxd7 11. d3 Nc6 12. Ba3 a5 13. Re1 Rd8 14. Bxe7 Qxe7 15. a3 Bd7 16. Nd2 Be8 17. Qg4 Rab8 18. h4 h6 19. Qh5 b6 20. Rec1 Rbc8 21. Qe2 Nb8 22. b4 Na6 {[%emt 0:07:02] [#]} 23. c5 $1 bxc5 24. bxa5 Bc6 (24... Rb8 $11 {hält das Gleichgewicht.}) 25. Bxc6 $16 {[%emt 0:01:16] Weiß verwandelt nun seinen Vorteil.} Rxc6 26. Rab1 Qa7 {[%emt 0:09:40] Gegen Rb6 gerichtet.} 27. Nc4 Rcc8 (27... Rc7 $16 28. Qf3 Nb8) 28. Rb6 $18 Rc7 {[%emt 0:07:17] [#]} (28... Nc7 $142) 29. Rcb1 $1 Qa8 30. Qe5 {[%emt 0:01:56][%cal Ob6a6] Schwarz muss nun Rxa6! beachten.} Ra7 31. Rd6 Rxd6 32. Qxd6 Qd5 33. Qf4 Qf5 (33... Qh5 $16 {war nötig.} 34. Kg2 (34. Rb8+ Kh7 $11) 34... Qd5+ 35. Kh2 Qd8) 34. Qxf5 exf5 {[%emt 0:00:04][%mdl 4096] Endspiel. KRN-KRN} 35. Rb6 h5 36. Rc6 g6 37. Kg2 Kf8 38. Kf3 Ke7 39. Kf4 {[%emt 0:00:07] Droht Ke5 und aus.} Nc7 $2 (39... Nb8 40. Rxc5 Nd7) 40. Ke5 $1 (40. Rxc5 $2 Ne6+ 41. Kf3 Nxc5 $19) 40... Ne6 41. Kd5 Ra8 42. Rb6 {[%emt 0:01:57] Weiß steht klar auf Gewinn.} Ra7 43. Ne5 {[%emt 0:03:43] Nc6+ ist eine echte Drohung.} Ra8 (43... Nc7+ $142 44. Kc4 Ra8) 44. Rb7+ Ke8 45. Nxf7 Nd8 46. Nd6+ Kf8 47. Rd7 Kg8 48. a6 {[%emt 0:00:24] Gewichteter Fehlerwert: Weiß=0.09 (makellos) /Schwarz=0.28 (präzise) .  Fehler:       	---       	Schwarz=6     Ungenau:       	Weiß=3     	Schwarz=2     OK:         	Weiß=20    	Schwarz=11    Stark:        	Weiß=1     	---} (48. Kxc5 Rxa5+ 49. Kb6 (49. Kxd4 Ne6+ 50. Kc4 Ra4+ 51. Kd5 Nf8 $16) 49... Rxa3 50. Rxd8+ Kg7 51. Rd7+ Kg8 52. Rd8+ Kg7 53. Rd7+ Kg8) 1-0

[Event "Reykjavik Open 2024"]
[Site "Reykjavik"]
[Date "2024.03.19"]
[Round "7.34"]
[White "Ruiz Buendia, Miguel"]
[Black "Manucharyan, Andriy"]
[Result "1-0"]
[ECO "C18"]
[WhiteElo "2366"]
[BlackElo "2080"]
[Annotator "TA"]
[PlyCount "65"]
[EventDate "2024.03.12"]
[EventCountry "ISL"]
[SourceTitle "playchess.com"]
[Source "ChessBase"]
[SourceQuality "1"]
[TimeControl "40/5400+30:1800+30"]

1. e4 e6 2. d4 d5 3. Nc3 Bb4 4. e5 Ne7 5. a3 Bxc3+ 6. bxc3 c5 7. Qg4 cxd4 8. Bd3 Qa5 9. Ne2 (9. Qxg7 $2 Qxc3+ (9... Rg8 $2 10. Qxh7 Qxc3+ 11. Ke2 $19) 10. Ke2 Rg8 11. Qxh7 Qxa1 $19) 9... O-O 10. Bg5 {[%emt 0:25:45] The position is equal.} (10. Nxd4 $2 Qxc3+ 11. Ke2 Nbc6 (11... Qxa1 $2 12. Bh6 $18) 12. Nxc6 Nxc6 $19) 10... Ng6 11. f4 {[%emt 0:03:41][%cal Oh2h4] h4! would now be deadly.} Nd7 12. O-O (12. Nxd4 $2 Qxc3+ 13. Ke2 Qxd4 $19) (12. Bxg6 $1 $11 {keeps the balance.} fxg6 13. Qxe6+ Rf7 14. Qe8+ (14. Nxd4 $2 Qxc3+ 15. Ke2 Qxd4 $19) 14... Rf8 15. Qe6+ Rf7 16. O-O (16. Nxd4 $2 Qxc3+ 17. Ke2 Qxd4 $19)) 12... dxc3 $17 13. Rf3 f5 14. Qh5 (14. exf6 $142 Nxf6 15. Bxf6 Rxf6 16. Qh5) 14... Rf7 15. g4 (15. Rh3 $17 {was called for.} Ndf8 16. Bh4) 15... Nc5 16. gxf5 exf5 17. Kh1 (17. Bh4 $142) 17... Be6 (17... Nxd3 18. Rxd3 Bd7 19. Nd4 $17) 18. Nd4 Qb6 (18... Nxd3 19. Rxd3 Qb6 20. a4 $17) 19. Rg1 {[%emt 0:02:01] [#]} (19. Rh3 $142 Nf8 20. Rd1) 19... Ne4 $1 $19 (19... Nxd3 20. Rxd3 Bd7 21. Qf3 (21. Rh3 Nf8 $17)) 20. Nxe6 Qxe6 21. Bxe4 dxe4 (21... fxe4 22. Rh3 Kf8 (22... Nxf4 23. Qxh7+ Kf8 24. Qh8#) 23. Qxh7 $17) 22. Rh3 Nf8 23. Bf6 Rc7 $2 (23... Qc6 $19 {aiming for ...Rc8.} 24. Re3 Ng6) 24. Rhg3 $11 (24. Qh6 $5 g6 $8 25. Rhg3 $11) 24... g6 25. Qh6 Rac8 26. h4 $1 {[%emt 0:01:46] Threatens to win with h5.} Kf7 $1 27. Bg7 e3 $2 28. Rxe3 $2 {[%emt 0:02:21] [#]} (28. Bxf8 $18 Qc6+ 29. Kh2 Rxf8 30. Qxh7+ (30. h5 Ke8 $11) 30... Ke8 31. Qh6 (31. Qxg6+ Qxg6 32. Rxg6 Rd7 $11)) 28... Qd5+ $1 $17 29. Rg2 Qd1+ $2 (29... Ne6 $17 {stays on course.} 30. Qxh7 Nxf4) 30. Kh2 $16 {[%emt 0:00:06] And now Bxf8 would win. Chess con chili.} Ne6 (30... Qh5 $16) 31. Qxh7 $1 $18 Nxg7 $2 (31... Qh5 $18 32. Bh6+ Ke8 33. Qxg6+ Qxg6 34. Rxg6 Rc6) 32. e6+ ({Inferior is} 32. Rxg6 Qd2+ (32... Qxc2+ 33. Kh3 Qb3 34. Rf6+ Ke8 35. Qh8+ Ke7 36. Qxg7+) 33. Kh1 Qc1+ (33... Qxe3 34. Rf6+ Ke8 35. Qh8+ Ke7 36. Qxg7+ Ke8 37. Rf8#) 34. Kg2 Qd2+ (34... Qxe3 35. Rf6+ Ke8 36. Qh8+ Ke7 37. Qxg7+ Ke8 38. Rf8#) (34... Qxc2+ 35. Kh3) 35. Kf3 Qd1+ 36. Kf2 Qd2+ (36... Qxc2+ 37. Re2 Qb3 38. Rf6+ Ke8 39. Qh8+ Ke7 40. Qxg7+) 37. Kf3 Qd1+ 38. Kf2 Qd2+ (38... Qxc2+ 39. Re2 Qb3 40. Rf6+ Ke8 41. Qh8+ Ke7 42. Qxg7+) 39. Re2 Qxf4+ 40. Kg2 Rg8 $11) 32... Ke8 33. Qg8+ {[%emt 0:02:06] Quite a comeback for White.   Weighted Error Value: White=0.30/Black=0.60.  Loses game:     	---       	Black=2      Missed win:     	White=1     	Black=1      Mistake:       	White=5     	Black=2      Inaccurate:     	White=1     	Black=1      OK:         	White=8     	Black=5      Best:        	White=3     	Black=1      Strong:       	White=2     	Black=3} 1-0

[Event "Reykjavik Open 2024"]
[Site "Reykjavik"]
[Date "2024.03.19"]
[Round "7.35"]
[White "Thorfinnsson, Bjorn"]
[Black "Schroer, Marcel"]
[Result "1-0"]
[ECO "D03"]
[WhiteElo "2353"]
[BlackElo "2073"]
[Annotator "TA"]
[PlyCount "80"]
[EventDate "2024.03.12"]
[EventCountry "ISL"]
[SourceTitle "playchess.com"]
[Source "ChessBase"]
[SourceQuality "1"]
[TimeControl "40/5400+30:1800+30"]

1. d4 d5 2. Nf3 Nf6 3. Bg5 Ne4 4. Bf4 c5 5. e3 cxd4 6. exd4 Qb6 7. Nc3 Qa5 8. Bd3 {[%emt 0:01:56] Weiß steht etwas besser.} Nxc3 9. bxc3 (9. Qd2 $5) 9... Qxc3+ 10. Bd2 Qc7 11. O-O e6 {[%emt 0:00:08][%cal Be7e6,Be6d5][%mdl 32] [#]} 12. c4 $1 Nc6 (12... dxc4 13. Bxc4) 13. cxd5 exd5 14. Rc1 Be7 {[%emt 0:07:31] [#]} 15. Ne5 $1 {[%emt 0:02:15] Und Qh5 würde nun gewinnen.} O-O 16. Re1 (16. Qc2 {vereinfacht} h6 17. Nxc6 bxc6 18. Qxc6 Qxc6 19. Rxc6 Be6 20. Rb1) 16... Bd6 17. Qc2 (17. Qh5 {hält die Spannung aufrecht.} g6 18. Qh6 Ba3 19. Rc3) 17... h6 18. Nxc6 bxc6 19. Qxc6 Bxh2+ 20. Kh1 Qxc6 21. Rxc6 Bb7 {[%emt 0:01:53] [#]} 22. Rec1 Bb8 (22... Bxc6 23. Rxc6) 23. Ba6 Bxa6 (23... Bxc6 $11 24. Rxc6 g5) 24. Rxa6 $14 Rd8 25. Rcc6 $1 {[%emt 0:02:16][%mdl 1024] Gegen Bd6 gerichtet. Weiss hat starke Kompensation. Weiß hat aktiveres Spiel.} Kh7 26. g3 f6 27. Ba5 Re8 28. Re6 (28. Kg2 $16) 28... Rf8 ({Vergiftet wäre} 28... Rxe6 $2 29. Rxe6 Kg6 30. Re8 $18) 29. Re7 Kg6 30. Rc6 {[%emt 0:17:16] Verhindert Rc8} h5 31. Kg2 h4 32. Bb4 hxg3 33. fxg3 Rd8 34. Bc5 Kh6 35. a4 {[%emt 0:00:16][%cal Ba2a4,Ba4a5][%mdl 32] a5 wäre nun fies.} Kg6 (35... a5 $14) 36. a5 $18 a6 {[%emt 0:00:49] [#]} (36... Rg8 $16 {ist wohl besser.} 37. a6 Rd8) 37. Rce6 (37. Bb6 $1 $18 Rh8 38. Rd7) 37... Kh6 $2 (37... Kf5 $16) 38. Kf3 Kg6 {[%emt 0:00:10] [#]} 39. Kg4 (39. Rb7 $1 $18) 39... Rf8 $2 (39... Rc8 $16 {ist eine bessere Chance.}) 40. Re8 Kf7 {[%emt 0:01:10] Gewichteter Fehlerwert: Weiß=0.16 (sehr präzise) /Schwarz=0.41.  Verlustzug:     	---       	Schwarz=1     Fehler:       	Weiß=3     	Schwarz=5     Ungenau:       	Weiß=3     	Schwarz=4     OK:         	Weiß=11    	Schwarz=9     Bester:       	Weiß=3     	Schwarz=2     Stark:        	Weiß=1     	---} (40... Rxe8 $18 41. Rxe8 Kf7) 1-0

[Event "Reykjavik Open 2024"]
[Site "Reykjavik"]
[Date "2024.03.19"]
[Round "7.36"]
[White "Risting, Eivind Olav"]
[Black "Gudmundsson, Gunnar Erik"]
[Result "1-0"]
[ECO "D38"]
[WhiteElo "2336"]
[BlackElo "2009"]
[Annotator "TA"]
[PlyCount "119"]
[EventDate "2024.03.12"]
[EventCountry "ISL"]
[SourceTitle "playchess.com"]
[Source "ChessBase"]
[SourceQuality "1"]
[TimeControl "40/5400+30:1800+30"]

1. Nf3 Nf6 2. c4 e6 3. Nc3 d5 4. d4 Bb4 5. cxd5 exd5 6. Bf4 O-O 7. e3 c6 8. Bd3 {[%emt 0:01:47] White has an edge.} Re8 9. h3 a5 10. Qc2 h6 11. O-O Bd6 12. Bxd6 Qxd6 13. a3 Nbd7 14. Rab1 Qe7 15. Nd2 b5 16. Rfe1 Nb6 {[%emt 0:08:14] [#]} (16... Ba6 $14 {was preferrable.}) 17. e4 $1 $16 dxe4 18. Ncxe4 Bd7 19. Nf3 Nxe4 20. Bxe4 {[%emt 0:01:30] And now Bh7+ would win.} Qd6 21. Ne5 Rac8 22. Rbc1 g6 23. Qb3 (23. Nxc6 $2 {perishes.} Bxc6 24. Bxc6 Rxe1+ (24... Qxd4 $2 25. Rxe8+ Rxe8 26. Bxe8 $18) 25. Rxe1 Rxc6 $19 (25... Qxc6 $2 26. Qxc6 Rxc6 27. Re5 $19)) (23. Red1 $16) 23... Re6 (23... Re7 $1 $11) 24. Red1 (24. Bxg6 $1 $16 fxg6 25. Nxd7) 24... Be8 25. Bf3 {[%emt 0:01:57] White has more active pieces.} (25. Qg3 $16 {Hoping for Bf5.} Kh7 26. f4) 25... a4 $11 26. Qc3 Nd5 27. Qd2 Kg7 28. Ng4 h5 29. Bxd5 Qxd5 30. Qh6+ Kg8 31. Ne3 $36 {[%emt 0:00:21][%mdl 2048] White has good play.} Qd8 32. Qf4 Qd6 33. Qf3 Rf6 34. Qe4 Rd8 35. g3 {[%emt 0:01:36] Repels Rf4} Bd7 36. h4 Be6 $2 {[%emt 0:02:14][%mdl 8192] This move loses the game for Black.} (36... Re8 $15 {keeps the upper hand.} 37. Qd3 Rf3) 37. Rxc6 $18 Qd7 {[%emt 0:00:56] [#] Threatens to win with ...Bf5.} 38. d5 {[%emt 0:01:17] Black is weak on the dark squares} Bf5 39. Qe5 Rd6 40. Qf4 Rxc6 $2 (40... Kh7 41. Kh2 Kg8 42. Rxd6 Qxd6 43. Qxd6 (43. Nxf5 Qxf4 44. Ne7+ Kf8 $18) 43... Rxd6 44. Nxf5 gxf5) 41. dxc6 Qxd1+ 42. Nxd1 Rxd1+ {[%emt 0:00:08][%mdl 4096] Endgame. KQ-KRB} 43. Kh2 Rd5 44. Qb4 Be6 45. c7 Rf5 46. Qd4 Rf3 47. Kg2 Rb3 48. Qd8+ Kh7 49. c8=Q Bxc8 50. Qxc8 {[%emt 0:00:00] KQ-KR} Kg7 51. Qc2 Kg8 52. Qd2 Kg7 53. Qd4+ Kg8 54. f3 Kh7 55. g4 {[%emt 0:00:00] White mates.} Kg8 56. gxh5 gxh5 57. Kg3 Kh7 58. Qf6 Kg8 59. Qg5+ Kf8 60. Qxh5 {[%emt 0:00:00] Weighted Error Value: White=0.19 (very precise) /Black=0.50.  Loses game:     	---       	Black=1      Mistake:       	White=3     	Black=3      Inaccurate:     	White=3     	Black=4      OK:         	White=12    	Black=13     Best:        	White=3     	Black=1      Strong:       	White=1     	---} 1-0

[Event "Reykjavik Open 2024"]
[Site "Reykjavik"]
[Date "2024.03.19"]
[Round "7.37"]
[White "Cieslak, Patryk"]
[Black "Shivika Rohilla"]
[Result "1-0"]
[ECO "E05"]
[WhiteElo "2325"]
[BlackElo "2003"]
[Annotator "TA"]
[PlyCount "125"]
[EventDate "2024.03.12"]
[EventCountry "ISL"]
[SourceTitle "playchess.com"]
[Source "ChessBase"]
[SourceQuality "1"]
[TimeControl "40/5400+30:1800+30"]

1. d4 Nf6 2. c4 e6 3. g3 d5 4. Nf3 Be7 5. Bg2 O-O 6. O-O dxc4 7. Qc2 b5 8. a4 Bb7 9. axb5 a6 10. Nc3 {[%emt 0:09:07] Die Stellung ist ausgeglichen.} (10. Qxc4 $2 axb5 11. Qxb5 Bc6 (11... Rxa1 $2 12. Qxb7 Rxb1 13. Qa8 $19) 12. Rxa8 Bxb5 $19) 10... axb5 11. Rxa8 Bxa8 12. Nxb5 c5 13. dxc5 (13. Qxc4 Nbd7 $14) 13... Qa5 14. Nfd4 ({Viel schwächer wäre} 14. Qxc4 Bd5 15. Qd3 Be4 $11) 14... Bxg2 15. Kxg2 Qa8+ 16. Nf3 {[%emt 0:09:28] Aktives Gegenspiel!} Rc8 17. Nd6 Bxd6 18. cxd6 Qc6 19. Rd1 Nd5 20. Bd2 Qxd6 21. e4 $1 Nb4 22. Bxb4 Qxb4 23. Rd4 $1 Qb5 24. Qc3 ({Günstiger ist} 24. Nd2 $16) 24... Nd7 $11 {[%emt 0:02:59] [#]} 25. b3 $1 $40 {[%emt 0:08:11][%cal Bb2b3,Bb3c4,Bc4c5,Bc5c6][%mdl 160] Weiss hat was vor.} Nb6 $1 26. bxc4 Qc5 {[%emt 0:00:05] [#]} (26... Nxc4 $11 27. Nd2 Qa5 28. Qxa5 Nxa5) 27. Ne5 $1 $16 h6 (27... Qxe5 $2 {verliert.} 28. Rd8+ Rxd8 29. Qxe5 $18) 28. Nd3 Qc7 (28... Na4 $16 {war angesagt.} 29. Nxc5 Nxc3) 29. c5 $18 Nd7 {[%emt 0:00:41] [#]} 30. c6 $1 Nb6 (30... Nb8 31. Rc4) 31. Nb4 f5 $2 (31... Kh7 32. Rd3 Na4) 32. exf5 Nd5 33. Nxd5 exd5 34. Rxd5 Qxc6 35. Qxc6 Rxc6 {[%emt 0:00:04][%mdl 4096] Endspiel. KR-KR} 36. h3 Rc3 37. Rd7 h5 {[%emt 0:02:51][%cal Bh6h5,Bh5h4][%mdl 32] [#]} 38. f6 g6 $2 (38... gxf6 39. Rd5 Kg7) 39. Rg7+ Kf8 40. Rxg6 {[%emt 0:00:04] Rg5 wäre nun fies.} (40. h4 Rc8 41. Rxg6 Kf7) 40... Kf7 41. Rg5 h4 42. g4 Kxf6 43. Rh5 Kg6 44. Rxh4 {[%emt 0:00:07] Droht stark Rh5.} Kg5 45. Rh5+ Kg6 46. Re5 {[%emt 0:00:09] Weiß setzt Matt.} Kf6 47. Re3 Rc4 48. Kg3 Kg6 49. h4 Ra4 50. f3 Rb4 51. Re6+ Kf7 52. Re4 Rb5 53. g5 Ra5 54. Kg4 Ra7 55. f4 Kg7 56. h5 Rb7 57. h6+ Kg6 58. f5+ Kh7 59. Kh5 Kg8 60. g6 Rb8 61. Kg5 Ra8 62. h7+ Kh8 63. Kh6 {[%emt 0:00:13] Gewichteter Fehlerwert: Weiß=0.17 (sehr präzise) /Schwarz=0.48.  Fehler:       	Weiß=2     	Schwarz=4     Ungenau:       	---       	Schwarz=3     OK:         	Weiß=10    	Schwarz=6     Bester:       	Weiß=4     	Schwarz=3     Stark:        	Weiß=2     	Schwarz=1} 1-0

[Event "Reykjavik Open 2024"]
[Site "Reykjavik"]
[Date "2024.03.19"]
[Round "7.38"]
[White "Botez, Alexandra"]
[Black "Jelsma, Remco"]
[Result "1-0"]
[ECO "E11"]
[WhiteElo "1986"]
[BlackElo "1802"]
[Annotator "NA RC"]
[PlyCount "67"]
[EventDate "2024.03.12"]
[EventCountry "ISL"]
[SourceTitle "playchess.com"]
[Source "ChessBase"]
[SourceQuality "1"]
[TimeControl "40/5400+30:1800+30"]

1. d4 Nf6 2. c4 e6 3. g3 d5 4. Nf3 Bb4+ 5. Bd2 Be7 6. Bg2 O-O 7. O-O c5 8. dxc5 Bxc5 9. Qc2 b6 10. Bc3 Bb7 11. b4 Be7 12. Ng5 Nbd7 13. cxd5 exd5 14. Nd2 Rc8 15. Qb2 h6 16. Ngf3 Re8 17. Rfd1 Bf8 18. Rac1 Rxe2 19. Bf1 Re8 20. Bh3 Rc7 21. Bf5 g6 22. Bxf6 Qxf6 23. Qxf6 Rxc1 24. Bxd7 Rxd1+ 25. Kg2 Bg7 26. Qd6 Re2 27. Qb8+ Kh7 28. Qxb7 Rdxd2 29. Nxd2 Rxd2 30. Be8 d4 31. Qxf7 d3 32. Qxg6+ Kh8 33. Bd7 Kg8 34. Be6+ 1-0

[Event "Reykjavik Open 2024"]
[Site "Reykjavik"]
[Date "2024.03.19"]
[Round "7.39"]
[White "Paasikangas, Johanna"]
[Black "Botez, Andrea"]
[Result "1-0"]
[ECO "E94"]
[WhiteElo "2046"]
[BlackElo "1825"]
[Annotator "NA RC"]
[PlyCount "75"]
[EventDate "2024.03.12"]
[EventCountry "ISL"]
[SourceTitle "playchess.com"]
[Source "ChessBase"]
[SourceQuality "1"]
[TimeControl "40/5400+30:1800+30"]

1. d4 Nf6 2. c4 g6 3. Nc3 Bg7 4. e4 d6 5. Nf3 O-O 6. Be2 Qe8 7. O-O e5 8. dxe5 dxe5 9. Be3 Na6 10. Nd2 Be6 11. a3 Nd7 12. b4 f5 13. f3 f4 14. Bf2 g5 15. c5 c6 16. Bc4 Rf6 17. Qe2 Nc7 18. Rfd1 h5 19. a4 g4 20. fxg4 hxg4 21. Qxg4 Nd5 22. Bxd5 cxd5 23. Qe2 Rg6 24. Nxd5 Bxd5 25. exd5 e4 26. Qxe4 Bxa1 27. Rxa1 Qxe4 28. Nxe4 Ne5 29. Rd1 Kg7 30. Bd4 Re8 31. Nd6 Rxd6 32. cxd6 Kf7 33. Bxa7 Ra8 34. Bd4 Nc4 35. a5 Nxd6 36. Be5 Ne4 37. Bxf4 Rc8 38. d6 1-0

[Event "Reykjavik Open 2024"]
[Site "Reykjavik"]
[Date "2024.03.19"]
[Round "7.40"]
[White "Saine, Zachary"]
[Black "Lohia, Sohum"]
[Result "0-1"]
[ECO "C55"]
[WhiteElo "2010"]
[BlackElo "2354"]
[Annotator "TA"]
[PlyCount "74"]
[EventDate "2024.03.12"]
[EventCountry "ISL"]
[SourceTitle "playchess.com"]
[Source "ChessBase"]
[SourceQuality "1"]
[TimeControl "40/5400+30:1800+30"]

1. e4 e5 2. Nf3 Nc6 3. Bc4 Nf6 4. d3 h6 5. h3 d6 6. c3 g5 7. a4 Bg7 8. a5 {[%emt 0:04:14] White is slightly better.} a6 9. Qb3 Qe7 10. Nbd2 Rb8 11. Nf1 Be6 12. Ne3 Qd7 13. g4 Ne7 14. Ra4 (14. Bxe6 $14 fxe6 15. h4) 14... d5 $11 15. Nxe5 Qd6 16. exd5 Nfxd5 17. Nf3 Nf4 {[%emt 0:11:12][%mdl 1024] Black has compensation.} 18. Qd1 Bd7 19. Ra3 (19. h4 {keeps more tension.} Bxa4 20. Qxa4+ Kf8 21. hxg5 hxg5 22. Rxh8+ Bxh8 23. Nxg5 Nxd3+ 24. Bxd3 Qxd3 25. Qf4) 19... Bc6 20. d4 (20. h4 $11) 20... Qf6 ({Black should play} 20... O-O $15) 21. d5 (21. Kf1 $11 {deserves consideration.}) 21... Rd8 $15 22. Nd4 Nfxd5 (22... Bd7 {looks sharper.} 23. h4 Kf8 24. Kf1 gxh4 25. Ndf5 Bxf5 26. gxf5 Nfxd5 27. Nxd5 Qxf5 28. Qd3 Qxd3+ 29. Bxd3 Nxd5 30. c4 Ne7) 23. Nxc6 Qxc6 24. Qf3 O-O {[%emt 0:00:51] Active counter play!} 25. O-O Nxe3 26. Qxc6 Nxc6 27. Bxe3 Rfe8 28. b4 Ne7 {[%emt 0:00:49] [#]} 29. h4 Bf6 (29... Nd5 $15 30. Bxd5 Rxd5) 30. f4 (30. b5 $11 {remains equal.}) 30... Nd5 (30... gxh4 $17 {[%cal Oe7f5] White must now prevent ...Nf5!} 31. Kf2 h5 (31... Nd5 32. Bxd5 Rxd5 33. c4 $17)) 31. Bxd5 $11 Rxd5 32. fxg5 (32. c4 $11 {keeps the balance.} Rd6 33. fxg5 hxg5 34. hxg5) 32... Rxe3 $17 33. Rxf6 hxg5 $11 {[%emt 0:00:27] KRR-KRR} 34. Kg2 $2 {[%emt 0:01:07] White does not recover from this.} (34. hxg5 $17 Rg3+ (34... Rxg5 35. Kf2 $17) 35. Kf2 Rxg4 36. c4 Rxc4 (36... Rdxg5 37. Raf3 $15) 37. g6) 34... gxh4 $19 {[%emt 0:00:33] Hoping for ...Rd2+.} 35. Rf3 $2 {[%emt 0:00:32] [#]} (35. Ra2 $19) 35... Rd2+ {[%emt 0:00:33] Black mates.} 36. Rf2 h3+ 37. Kg1 Re1+ {[%emt 0:00:12] Weighted Error Value: White=0.51/Black=0.18 (very precise) .  Loses game:     	White=1     	---        Mistake:       	White=7     	Black=3      Inaccurate:     	White=3     	Black=2      OK:         	White=10    	Black=11     Best:        	White=2     	Black=3} 0-1